 Dungeon Crawl Stone Soup version 0.27.0-1-g7a089689b8 (webtiles) character file.

Game seed: 10924370558385596911

14 thirtiethelement the Skirmisher (level 2, -3/24 HPs)
             Began as a Demonspawn Abyssal Knight on Aug 14, 2021.
             Was a Follower of Lugonu.
             Frozen to death by an endoplasm (5 damage)
             ... on level 1 of the Dungeon.
             The game lasted 00:01:58 (582 turns).

thirtiethelement the Skirmisher (DsAK)               Turns: 582, Time: 00:01:59

Health: -3/24      AC:  3    Str: 12    XL:     2   Next: 31%
Magic:  3/3        EV:  8    Int: 13    God:    Lugonu [*.....]
Gold:   52         SH:  6    Dex: 12    Spells: 1/1 levels left

rFire    . . .     SeeInvis .   a - +1 falchion
rCold    . . .     Faith    .   c - +0 kite shield
rNeg     . . .     Spirit   .   b - +0 leather armour
rPois    .         Reflect  .   (helmet restricted)
rElec    .         Harm     .   (no cloak)
rCorr    .         Rampage  .   (no gloves)
Will     .....                  (no boots)
Stlth    +.........             (no amulet)
HPRegen  0.08/turn              (no ring)
MPRegen  0.08/turn              (no ring)

@: flying
A: horns 1, hooves 1
a: Renounce Religion, Depart the Abyss


You were on level 1 of the Dungeon.
You worshipped Lugonu.
Lugonu was aware of your devotion.
You visited 1 branch of the dungeon, and saw 1 of its levels.
You visited the Abyss 1 time.

You collected 52 gold pieces.

Inventory:

Hand Weapons
 a - a +1 falchion (weapon)
Armour
 b - a +0 leather armour (worn)
 c - a +0 kite shield (worn)
Wands
 e - a wand of acid (2)
Scrolls
 d - a scroll of magic mapping {unknown}


   Skills:
 + Level 3.1 Fighting
 + Level 2.5 Long Blades
 + Level 1.9 Armour
 + Level 0.8 Dodging
 + Level 2.4 Invocations


You had one spell level left.
You didn't know any spells.
Your spell library was empty.

Dungeon Overview and Level Annotations

Branches:
Dungeon (1/15)

Altars:


Innate Abilities, Weirdness & Mutations

You have a pair of small horns on your head.
You have large cloven feet.


Message History

You are frozen.
* * * LOW HITPOINT WARNING * * *
A jackal comes into view.
The jackal barks!
You hear a shout!
You block the jackal's attack.
The jackal moves out of view.
The jackal bites you but does no damage.
You hit the jackal.
The jackal is heavily wounded.
The jackal bites you.
* * * LOW HITPOINT WARNING * * *
The jackal bites you but does no damage.
You block the jackal's attack.
The jackal bites you but does no damage.
It was a potion of mutation.
You feel extremely strange.
Your feet thicken and deform.
The jackal completely misses you. You block the jackal's attack.
It was a potion of flight.
You feel very buoyant.
You fly up into the air.
The jackal completely misses you.
You riposte.
Your shield prevents you from hitting the jackal.
Your headbutt misses the jackal. The jackal barely misses you.
You block the jackal's attack. The jackal barely misses you.
Aiming: Corrosive Bolt
Press: ? - help, Shift-Dir - straight line, f - endoplasm
Aim: an endoplasm (lightly wounded, 98% to hit)
The bolt of acid hits the jackal!
The jackal is splashed with acid.
You kill the jackal!
Lugonu accepts your kill.
The bolt of acid hits the endoplasm.
The endoplasm completely resists.
The endoplasm is lightly wounded.
You block the jackal's attack.
Aiming: Corrosive Bolt
Press: ? - help, Shift-Dir - straight line, f/p - endoplasm
Aim: an endoplasm (lightly wounded, 98% to hit)
The bolt of acid hits the endoplasm.
The endoplasm completely resists.
The endoplasm is lightly wounded.
The jackal closely misses you. The endoplasm freezes you.
You are frozen.
You die...

..# #... #+#.# #...
#.#.# #... #.#.# #...
###.#.#.######### #...
....h......†....###...
....#.#.#######..##...
. #h#.# ##'##...
#@#)## #....... #.J..#
#....... ###†.#
#....... ...# #.......
###.# #....... .#
#.......
.##########.#+
#######.......(#.#.
+..............#...


You could see an endoplasm and 2 jackals.

Vanquished Creatures
  A bat (D:1)
  An endoplasm (D:1)
  A giant cockroach (D:1)
  2 hobgoblins (D:1)
  2 jackals (D:1)
  A quokka (D:1)
  2 goblins (D:1)
  A kobold (D:1)
  A rat (D:1)
12 creatures vanquished.

Notes
Turn   | Place    | Note
-------+----------+-------------------------------------------
     0 | Abyss:1  | thirtiethelement the Demonspawn Abyssal Knight began the
                  | quest for the Orb.
     0 | Abyss:1  | Reached XP level 1. HP: 18/18 MP: 2/2
    16 | Abyss:2  | Noticed an earth elemental
    17 | Abyss:2  | Noticed a small abomination
    60 | Abyss:3  | Noticed a small abomination
    81 | Abyss:3  | Noticed a flayed ghost
    81 | Abyss:3  | Noticed an orange demon
    95 | Abyss:3  | Noticed a tentacled starspawn
    96 | D:1      | Escaped the Abyss
   540 | D:1      | Gained mutation: You have a pair of small horns on your
                  | head. [demonic ancestry]
   540 | D:1      | Reached XP level 2. HP: 23/24 MP: 3/3
   567 | D:1      | Reached * piety under Lugonu
   578 | D:1      | HP: 1/24 [jackal (2)]
   579 | D:1      | Gained mutation: You have large cloven feet. [potion of
                  | mutation]
   582 | D:1      | Frozen to death by an endoplasm

Illustrated notes

Levels and vault maps discovered:
D:1:      lemuel_arrival_funnel, layout_basic, moated_statue

Skill      XL: |  1 |
---------------+----+-----
Long Blades    | 2 |  2.5
Fighting       | |  3.1
Armour         | |  1.9
Dodging        | |  0.8
Invocations    | |  2.4

Action                   || total
-------------------------++-------
Melee: Falchion          ||    45
Invok: Depart the Abyss  ||     1
Evoke: Wand              ||     2
  Use: Potion            ||     2
Armor: Leather armour    ||    17
Dodge: Dodged            ||    22
Block: Kite shield       ||    21
       Rpst.: Falchion   ||     3
